 Dungeon Crawl Stone Soup version 0.29-a0-557-g43b9904bd1 (webtiles) character file.

Game seed: 14701111932333419104

255 ptdevnull the Grave Robber (level 6, -10/66 HPs)
             Began as an Ogre Necromancer on June 8, 2022.
             Was an Initiate of Ashenzari.
             Succumbed to a kobold brigand's curare-tipped dart
             ... on level 4 of the Dungeon.
             The game lasted 00:09:51 (3855 turns).

ptdevnull the Grave Robber (Ogre Necromancer)       Turns: 3855, Time: 00:09:51

Health: -10/66     AC:  3    Str: 10 (13) XL:     6   Next: 15%
Magic:  8/10       EV:  9    Int: 24      God:    Ashenzari [......]
Gold:   184        SH:  0    Dex:  7 (9)  Spells: 7/11 levels left

rFire   . . .      SeeInvis .   o - +1 spear (venom)
rCold   . . .      Faith    .   (no shield)
rNeg    . . .      Spirit   .   a - +0 robe
rPois   .          Reflect  .   (helmet restricted)
rElec   .          Harm     .   (no cloak)
rCorr   .          Rampage  .   (gloves unavailable)
Will    .....                   (boots unavailable)
Stlth   +.........              (no amulet)
HPRegen 0.21/turn               v - ring of wizardry
MPRegen 0.12/turn               x - +6 ring of intelligence

@: lethally poisoned (-10 -> -48), flying, slowed, very slow
A: large, unfitting armour, tough skin 1
a: Renounce Religion, Curse Item


You were on level 4 of the Dungeon.
You worshipped Ashenzari.
Ashenzari was noncommittal.
You visited 1 branch of the dungeon, and saw 4 of its levels.

You collected 184 gold pieces.

Inventory:

Hand Weapons
 e - a +3 hand axe
 o - a +1 spear of venom (weapon)
 p - a +0 great mace
 r - a +1 short sword of protection
Armour
 a - a +0 robe (worn)
Magical Staves
 d - a staff of poison
Jewellery
 v - a ring of wizardry (left hand)
 x - a +6 ring of intelligence (right hand)
Wands
 s - a wand of flame (5)
Scrolls
 c - a scroll of fear {unknown}
 f - 4 scrolls of identify {unknown}
 g - a scroll of immolation {unknown}
 i - a scroll of amnesia {unknown}
 j - a scroll of noise {unknown}
 l - a scroll of enchant armour {unknown}
 m - a scroll of brand weapon {unknown}
 q - 2 scrolls of teleportation {unknown}
 u - a scroll of vulnerability {unknown}
Potions
 b - a potion of magic
 k - a potion of lignification
 n - 3 potions of degeneration
 t - a potion of curing {unknown}
 w - 2 potions of haste
 z - a potion of might {unknown}


   Skills:
 - Level 5.0 Fighting
 * Level 1.1 Polearms
 - Level 1.7 Dodging
 - Level 1.4 Stealth
 - Level 3.0 Spellcasting
 + Level 5.0 Necromancy


You had 7 spell levels left.
You knew the following spells:

 Your Spells              Type           Power      Damage    Failure   Level
a - Necrotize             Necr           100%       1d9       1%          1
b - Vampiric Draining     Necr           28%        2d8       1%          3

Your spell library contained the following spells:

 Spells                   Type           Power      Damage    Failure   Level
 Magic Dart               Conj           12%        1d3       4%          1
 Animate Dead             Necr           28%        N/A       5%          4
 Call Imp                 Summ           3%         N/A       6%          2
 Mephitic Cloud           Conj/Pois/Air  3%         N/A       13%         3
 Agony                    Necr           28%        N/A       16%         5


Dungeon Overview and Level Annotations

Branches:
Dungeon (4/15)
 Temple: D:4-7

Altars:
Ashenzari
Zin


Innate Abilities, Weirdness & Mutations

You are too large for most types of armour.
You have tough skin. (AC +1)


Message History

You kill the kobold!
The dead are walking!
You feel very sick.
The kobold brigand writhes in agony.
You feel very sick.
A kobold comes into view. It is wielding a +0 club.
The kobold brigand writhes in agony.
You feel very sick.
The kobold brigand throws a curare-tipped dart.
The curare-tipped dart hits you.
You are more poisoned.
You have difficulty breathing.
You feel as though you will be slow longer.
Your kobold skeleton closely misses the kobold brigand.
You are too injured to fight recklessly!
Unknown command.
You are too injured to fight recklessly!
Reach: o) +1 spear (venom)
Press: ? - help, Dir - move target, f/p - kobold brigand
Aim: a kobold brigand, wielding a +1 dagger of venom and quivering curare-tipped darts (lightly wounded, ally target, about 49% to evade your +1 spear of venom)
You reach to attack!
You barely miss the kobold brigand.
The kobold brigand is lightly wounded.
You feel very sick.
The kobold brigand throws a curare-tipped dart.
The curare-tipped dart hits you.
You are lethally poisoned!
You have difficulty breathing.
* * * LOW HITPOINT WARNING * * *
You feel as though you will be slow longer.
The kobold brigand throws a curare-tipped dart.
The curare-tipped dart hits you.
You are more poisoned.
You have difficulty breathing.
* * * LOW HITPOINT WARNING * * *
You feel as though you will be slow longer.
Your kobold skeleton closely misses the kobold brigand.
It was a potion of flight.
You feel very buoyant.
You fly up into the air.
You die...

.. .. #.# #.# .# .# .# ##.#
#.# .# ##.##.### #..#
#####.##.####........ #.##
.......#....)........ #.#
##.....## #........ #.##
##.......## #.)...... #####.#.
#.......).###)...)... #.......
+..[..)...'..@................
#.....)...###...Z|....#..##...
##.......## #.ZK..... #.. #.#.
##.....## #....K... #. #.##
##...## ######... # ... ##†##
.. ##.# #.# . #.# #.# ##.##


You could see a kobold brigand (ally target), a kobold and 2 friendly kobold
skeletons.

Vanquished Creatures
  2 iguanas
  8 gnolls (D:4)
  6 adders
  A worm (D:3)
  5 ball pythons
  5 bats
  6 endoplasms
  2 giant cockroaches
  5 goblins
  6 hobgoblins
  5 jackals
  8 kobolds
  3 quokkas
  4 frilled lizards
  3 rats
69 creatures vanquished.

Vanquished Creatures (collateral kills)
  2 endoplasms
  A goblin (D:3)
  A ball python (D:3)
4 creatures vanquished.

Grand Total: 73 creatures vanquished

Notes
Turn   | Place    | Note
-------+----------+-------------------------------------------
     0 | D:1      | ptdevnull the Ogre Necromancer began the quest for the Orb.
     0 | D:1      | Reached XP level 1. HP: 16/16 MP: 3/3
   221 | D:1      | Reached XP level 2. HP: 24/24 MP: 2/5
   965 | D:2      | Reached XP level 3. HP: 26/31 MP: 0/7
  1565 | D:2      | Found a faded altar of an unknown god.
  1809 | D:2      | Learned a level 3 spell: Vampiric Draining
  2007 | D:3      | Reached skill level 5 in Necromancy
  2007 | D:3      | Reached XP level 4. HP: 35/40 MP: 2/8
  2009 | D:3      | Reached skill level 1 in Fighting
  2268 | D:3      | Found a broken altar of Ashenzari.
  2333 | D:3      | Became a worshipper of Ashenzari the Shackled
  2547 | D:3      | Found a glowing silver altar of Zin.
  2602 | D:3      | Reached XP level 5. HP: 50/50 MP: 3/9
  3277 | D:4      | Found Hopaic's Magic Scroll Shoppe.
  3620 | D:4      | Noticed a kobold brigand
  3705 | D:4      | Reached skill level 5 in Fighting
  3709 | D:4      | HP: 1/57 [gnoll/+0 flail (4)]
  3716 | D:4      | Reached XP level 6. HP: 16/66 MP: 10/10
  3733 | D:4      | Reached skill level 1 in Polearms
  3854 | D:4      | HP: 1/66 [asphyx]
  3855 | D:4      | Succumbed to a kobold brigand's curare-tipped dart

Illustrated notes

Levels and vault maps discovered:
D:1:      dpeg_arrival_erosion, layout_basic, minmay_cupped
D:2:      layout_loops_corners, shapermc_ecumenical_altar_mp_vishouse,
          kennysheep_generic_room_14
D:3:      layout_basic, zin_academy, ashenzari_altar_1
D:4:      cheibrodos_thug_alley, layout_loops_corners, serial_shops, shop

Skill      XL: |  1  2  3  4  5  6 |
---------------+-------------------+-----
Necromancy     | 4 5 |  5.0
Spellcasting   | 3 |  3.0
Fighting       | 2 5 |  5.0
Polearms       | 1 |  1.1
Dodging        | |  1.7
Stealth        | |  1.4

Action                   |  1- 3 |  4- 6 || total
-------------------------+-------+-------++-------
Melee: Hand axe          |     4 |       ||     4
       Spear             |     4 |    18 ||    22
       Short sword       |       |     8 ||     8
 Cast: Necrotize         |    64 |    68 ||   132
       Vampiric Draining |       |     2 ||     2
Evoke: Wand              |       |     2 ||     2
  Use: Potion            |       |     5 ||     5
 Stab: Sleeping          |     1 |       ||     1
Armor: Robe              |    10 |     2 ||    12
       Skin              |       |     3 ||     3
Dodge: Dodged            |    10 |    10 ||    20

Table legend: (Time is in decaauts)
 A = Elapsed time spent in this place.
 B = Non-inter-level travel time spent in this place.
 C = Inter-level travel time spent in this place.
 D = Time resting spent in this place.
 E = Time spent auto-exploring this place.
 F = Levels seen in this place.
 G = Mean time per level.
                   A        B        C        D        E       F      G
               +--------+--------+--------+--------+--------+-----+--------+
         Total |   3846 |   3786 |     60 |    172 |   3178 |   4 |  961.5 |
       Dungeon |   3846 |   3786 |     60 |    172 |   3178 |   4 |  961.5 |
               +--------+--------+--------+--------+--------+-----+--------+

Top non-repeatable levels by time:
     D:2: 1142 daAuts
     D:3: 1097 daAuts
     D:4: 842 daAuts
     D:1: 765 daAuts
